 Dungeon Crawl Stone Soup version 0.26.0-10-g1f06aea511 (webtiles) character file.

Game seed: 8551548568191571411

55 runemasterragnar the Skirmisher (level 3, -14/42 HPs)
             Began as an Ogre Monk on Jan 13, 2021.
             Demolished by an ogre
             ... wielding a +0 giant spiked club
              (20 damage)
             ... on level 2 of the Dungeon.
             The game lasted 00:01:13 (1332 turns).

runemasterragnar the Skirmisher (Ogre Monk)         Turns: 1332, Time: 00:01:13

Health: -14/42     AC:  3    Str: 15    XL:     3   Next: 93%
Magic:  3/3        EV: 10    Int: 12    God:
Gold:   103        SH:  0    Dex: 11    Spells: 2/2 levels left

rFire    . . .     SeeInvis .   a - +0 spear
rCold    . . .     Faith    .   (no shield)
rNeg     . . .     Spirit   .   b - +0 robe
rPois    .         Reflect  .   (helmet restricted)
rElec    .         Harm     .   (no cloak)
rCorr    .         Rampage  .   (gloves unavailable)
Will     .....                  (boots unavailable)
Stlth    ++........             (no amulet)
HPRegen  0.14/turn              (no ring)
MPRegen  0.08/turn              (no ring)

@: no status effects
A: large, unfitting armour, tough skin 1
a: no special abilities


You were on level 2 of the Dungeon.
You visited 1 branch of the dungeon, and saw 2 of its levels.

You collected 103 gold pieces.

Inventory:

Hand Weapons
 a - a +0 spear (weapon)
Armour
 b - a +0 robe (worn)
Scrolls
 d - a scroll of identify {unknown}
 e - a scroll of random uselessness {unknown}
 g - a scroll of remove curse {unknown}
Potions
 c - 2 potions of haste {unknown}
 f - a potion of degeneration {unknown}
 h - a potion of ambrosia {unknown}
 i - a potion of lignification {unknown}
 j - a potion of brilliance {unknown}
 k - a potion of curing {unknown}
 l - 2 potions of mutation {unknown}


   Skills:
 * Level 5.2 Fighting
 + Level 3.5 Polearms
 + Level 3.1 Dodging
 - Level 1.4 Stealth


You had 2 spell levels left.
You didn't know any spells.
Your spell library was empty.

Dungeon Overview and Level Annotations

Branches:
Dungeon (2/15)

Altars:


Innate Abilities, Weirdness & Mutations

You are too large for most types of armour.
You have tough skin. (AC +1)


Message History

Ouch! That really hurt!
You are too injured to fight recklessly!
You are too injured to fight recklessly!
You are too injured to fight recklessly!
You hit the ogre.
The ogre is heavily wounded.
You hit the ogre.
The ogre is severely wounded.
The ogre hits you with a +0 giant spiked club.
You hit the ogre but do no damage.
The ogre is severely wounded.
The ogre hits you with a +0 giant spiked club!
* * * LOW HITPOINT WARNING * * *
You barely miss the ogre.
The ogre is severely wounded.
Unknown command.
You hit the ogre.
The ogre is severely wounded.
The ogre hits you with a +0 giant spiked club!!
You die...

...####### .. ......
..#.......# .. ..... .
........<# .###.#.#.#
#####....
....#.#.########...#
##.........>........#
#..........#####.....
#........... ##....
#...@O.......####...#
##......$...#........#
#..#######..##.......#
#.########........###.
#.#.....#.........##..
#.....................
#.....................
##.....................
#......................


You could see an ogre.

Vanquished Creatures
  2 adders (D:2)
  An ooze (D:1)
  A worm (D:2)
  2 dart slugs (D:2)
  A leopard gecko (D:2)
  2 bats (D:1)
  3 giant cockroaches
  3 goblins (D:1)
  6 kobolds
  4 rats
25 creatures vanquished.

Notes
Turn   | Place    | Note
-------+----------+-------------------------------------------
     0 | D:1      | runemasterragnar the Ogre Monk began the quest for the Orb.
     0 | D:1      | Reached XP level 1. HP: 24/24 MP: 1/1
   393 | D:1      | Reached XP level 2. HP: 33/33 MP: 2/2
   934 | D:2      | Reached XP level 3. HP: 35/41 MP: 3/3
   997 | D:2      | Reached skill level 5 in Fighting
  1321 | D:2      | Noticed an ogre
  1332 | D:2      | Demolished by an ogre

Illustrated notes

Levels and vault maps discovered:
D:1:      amcnicky_arrival_choice, layout_loops_corners, serial_glass,
          glass_columns_a, glass_columns_a, minmay_strange_pillars,
          feat_on_display, due_unseen_surprise, serial_park_tiny_2,
          minmay_strange_pillars
D:2:      layout_rooms

Skill      XL: |  1  2  3 |
---------------+----------+-----
Dodging        | 3 |  3.1
Fighting       | 5 |  5.2
Polearms       | |  3.5
Stealth        | |  1.4

Action                   || total
-------------------------++-------
Melee: Spear             ||   100
Armor: Robe              ||    16
Dodge: Dodged            ||    36
